 Dungeon Crawl Stone Soup version 0.17-a0-1133-gfb1399f (webtiles) character file.

929 onwiheg the Carver (level 8, -7/58 HPs)
             Began as a Formicid Fighter on May 25, 2015.
             Mangled by a big kobold
             ... wielding a +3 short sword of electrocution
              (18 damage)
             ... on level 4 of the Dungeon.
             The game lasted 00:15:47 (4019 turns).

onwiheg the Carver (Formicid Fighter)               Turns: 4019, Time: 00:15:48

Health: -7/58      AC: 10    Str: 25    XL:     8   Next: 32%
Magic:  8/8        EV:  6    Int:  8    God:
Gold:   170        SH: 10    Dex: 12    Spells: 0 memorised, 7 levels left

rFire  + . .     SeeInvis +     r - +2 falchion (slice)
rCold  . . .     Clarity  .     y - +0 chain mail {rC+}
rNeg   . . .     SustAt   .     c - +0 shield
rPois  .         Gourm    .     (helmet unavailable)
rElec  .         Spirit   .     p - +0 cloak
rCorr  .         Warding  .     (no gloves)
rMut   .         Stasis   +     (no boots)
MR     .....                    (no amulet)
Stlth  ..........               t - +4 ring of strength
                                n - ring of fire (curse)

@: not resistant to hostile enchantments, extremely unstealthy
A: permanent stasis, dig shafts and tunnels, four strong arms, antennae 3
a: Dig, Shaft Self


You were on level 4 of the Dungeon.
You were hungry.

You visited 1 branch of the dungeon, and saw 4 of its levels.

You collected 170 gold pieces.

Inventory:

Hand weapons
 a - a +0 long sword
 j - a +2 short sword of venom
 r - a +2 falchion of slicing (weapon)
Missiles
 k - 4 poisoned needles
 w - 4 javelins (quivered)
Armour
 b - a +0 scale mail
 c - a +0 shield (worn)
 p - a +0 cloak (worn)
 s - a +1 robe
 u - a +0 plate armour
 y - a +0 chain mail of cold resistance (worn)
Jewellery
 n - a cursed ring of fire (left hand)
 t - a +4 ring of strength (right hand)
Scrolls
 f - a scroll of remove curse {unknown}
 i - a scroll of teleportation {unknown}
 l - a scroll of immolation {unknown}
 o - 2 scrolls of identify {unknown}
 q - 2 scrolls of enchant weapon {unknown}
 x - 2 scrolls of magic mapping {unknown}
Potions
 d - 3 potions of might
 h - a potion of lignification {unknown}
 m - a potion of poison {unknown}
 A - a potion of curing {unknown}
 B - a potion of ambrosia {unknown}
Comestibles
 e - 3 bread rations
 g - 2 meat rations
 v - a slice of pizza
 z - a chunk of flesh


   Skills:
 - Level 3.2 Fighting
 + Level 9.2 Long Blades
 - Level 3.2 Armour
 - Level 3.6 Shields


You had 7 spell levels left.
You didn't know any spells.

Dungeon Overview and Level Annotations

Branches:
Dungeon (4/15)
 Temple: D:4-7

Altars:
Zin


Innate Abilities, Weirdness & Mutations

You are under a permanent stasis effect.
You can dig through walls and to a lower floor.
Your four strong arms can wield two-handed weapons with a shield.
You have a pair of large antennae on your head (SInv).


Message History

You dig through the rock wall.
You dig through the rock wall.
You dig through the rock wall.
You block the big kobold's attack.
You hit the big kobold.
The big kobold is heavily wounded.
You miss the big kobold.
The big kobold is heavily wounded.
The big kobold hits you with a short sword of electrocution.
You are electrocuted!
You hit the big kobold.
The big kobold is severely wounded.
The big kobold hits you but does no damage.
You are electrocuted!
* * * LOW HITPOINT WARNING * * *
You are feeling hungry.
You hit the big kobold.
The big kobold is severely wounded.
The big kobold hits you but does no damage.
You are electrocuted!
You die...

....#..#.....#
....'..#.....#
....####.##+###
#.....##+#....#
+.....#..'....#
#.....'..#....#
#.....#..#..{{#
......#.#)#(#{####
......##)###{#{#@#
......#.## ####K##
K......###### ###
..........{...
..............
≈≈.≈≈.≈≈≈.≈≈≈≈
≈≈≈≈≈≈≈≈≈≈≈≈≈≈
≈≈≈≈≈≈≈≈≈≈≈≈≈≈
≈≈≈#####≈≈≈≈≈≈


You could see a big kobold.

Vanquished Creatures
  Sigmund (D:3)
  A phantom (D:4)
  A centaur (D:4)
  2 hounds (D:3)
  A gnoll shaman (D:4)
  Crazy Yiuf (D:2)
  Ijyb (D:2)
  An orc wizard (D:4)
  A worker ant (D:4)
  Natasha (thrice) (D:2 D:4)
  Robin (D:3)
  12 gnolls
  6 adders
  3 oozes (D:3)
  6 giant geckos
  11 orcs
  7 giant cockroaches
  48 goblins
  28 hobgoblins
  7 jackals
  6 kobolds
  2 quokkas (D:3)
  A ball python (D:2)
  11 bats
  6 giant newts
  15 rats
  A butterfly (D:3)
184 creatures vanquished.

Notes
Turn   | Place    | Note
--------------------------------------------------------------
     0 | D:1      | onwiheg the Formicid Fighter began the quest for the Orb.
     0 | D:1      | Reached XP level 1. HP: 18/18 MP: 1/1
   102 | D:1      | Reached XP level 2. HP: 20/24 MP: 2/2
   301 | D:1      | Reached XP level 3. HP: 29/29 MP: 3/3
  1004 | D:2      | Found a glowing silver altar of Zin.
  1021 | D:2      | Noticed Ijyb
  1037 | D:2      | Killed Ijyb
  1037 | D:2      | Reached skill level 4 in Long Blades
  1037 | D:2      | Reached XP level 4. HP: 30/35 MP: 4/4
  1082 | D:2      | Noticed Crazy Yiuf
  1099 | D:2      | Killed Crazy Yiuf
  1321 | D:2      | Reached XP level 5. HP: 28/41 MP: 5/5
  1480 | D:2      | Reached skill level 5 in Long Blades
  1600 | D:2      | Noticed Natasha
  1624 | D:2      | Killed Natasha
  1933 | D:3      | Reached XP level 6. HP: 27/47 MP: 6/6
  1935 | D:3      | Reached skill level 6 in Long Blades
  2083 | D:3      | Noticed Robin
  2108 | D:3      | Killed Robin
  2542 | D:3      | Noticed Sigmund
  2555 | D:3      | Killed Sigmund
  2555 | D:3      | Reached skill level 7 in Long Blades
  2555 | D:3      | Reached XP level 7. HP: 36/52 MP: 7/7
  2747 | D:4      | Noticed Natasha
  2753 | D:4      | Killed Natasha
  2933 | D:4      | Reached skill level 8 in Long Blades
  3049 | D:4      | Reached XP level 8. HP: 20/58 MP: 8/8
  3583 | D:4      | Noticed Natasha
  3588 | D:4      | Killed Natasha
  3648 | D:4      | Reached skill level 9 in Long Blades
  4019 | D:4      | Mangled by a big kobold

Vault maps used:
D:1:      onia_arrival_mini_maze_b
D:2:      nicolae_overflow_crystal_walls, first_bread, uniq_crazy_yiuf_cottage,
          uniq_iyjb, uniq_natasha
D:3:      st_stairs_13, hangedman_glass_garden, cheibrodos_gnoll_hut,
          uniq_robin, uniq_sigmund
D:4:      minmay_goblin_kobold_castle, nrook_mini_backslash

Action                   |  1- 3 |  4- 6 |  7- 9 || total
-------------------------+-------+-------+-------++-------
Melee: Long sword        |    60 |       |       ||    60
       Short sword       |    37 |   225 |    88 ||   350
       Falchion          |       |       |   176 ||   176
Throw: Javelin           |       |       |     4 ||     4
 Abil: Dig               |     4 |     4 |     6 ||    14
  Eat: Chunk             |       |     6 |     6 ||    12
